 Dungeon Crawl Stone Soup version 0.31-a0-167-g1c394c0614 (webtiles) character file.

Game seed: 1992602016629505134

74 qw the Shooter (level 4, 0/28 HPs)
             Began as a Gargoyle Hunter on June 14, 2023.
             Slain by an iguana (3 damage)
             ... on level 3 of the Dungeon.
             The game lasted 00:00:41 (1406 turns).

qw the Shooter (Gargoyle Hunter)                    Turns: 1406, Time: 00:00:42

Health: 0/28       AC:  8    Str: 14      XL:     4   Next: 30%
Magic:  4/4        EV: 10    Int:  8 (10) God:
Gold:   141        SH:  0    Dex: 12 (15) Spells: 3/3 levels left

rFire   . . .        Y - +0 shortbow
rCold   . . .        (shield currently unavailable)
rNeg    + . .        d - +0 ring mail
rPois   inf          (no helmet)
rElec   +            (no cloak)
rCorr   .            (no gloves)
SInv    .            (no boots)
Will    .....        (no amulet)
Stlth   +            (no ring)
HPRegen 0.24/turn    (no ring)
MPRegen 0.09/turn

%: no passive effects
@: no status effects
A: sickness immunity, AC +3, negative energy resistance 1, electricity
resistance, torment resistance 1, petrification resistance
a: no special abilities


You were on level 3 of the Dungeon.
You visited 1 branch of the dungeon, and saw 3 of its levels.

You collected 141 gold pieces.


Innate Abilities, Weirdness & Mutations

You are immune to sickness and miasma.
Your stone body is resilient. (AC +3)
You are immune to poison.
You resist negative energy. (rN+)
You are resistant to electric shocks. (rElec)
You are resistant to unholy torment.
You are immune to petrification.


   Skills:
 - Level 3.0 Fighting
 + Level 5.2 Ranged Weapons
 - Level 1.0 Armour
 - Level 1.5 Dodging
 - Level 1.1 Stealth


You had 3 spell levels left.
You didn't know any spells.
Your spell library was empty.

Inventory:

Hand Weapons
 Y - a +0 shortbow (weapon)
Armour
 d - a +0 ring mail (worn)
Potions
 b - a potion of lignification {unknown}
 c - a potion of curing {unknown}

Dungeon Overview and Level Annotations

Branches:
Dungeon (3/15)

Altars:


Message History

The iguana barely misses you.
You shoot an arrow. The arrow hits the iguana.
The iguana is moderately wounded.
The giant cockroach bites you but does no damage.
The iguana closely misses you.
The giant cockroach bites you but does no damage.
You shoot an arrow. The arrow barely misses the iguana.
The arrow hits the orc priest.
The orc priest is moderately wounded.
The iguana barely misses you.
The giant cockroach bites you but does no damage.
You shoot an arrow. The arrow hits the iguana.
The iguana is heavily wounded.
The giant cockroach bites you. The iguana bites you.
The orc priest looks satisfied for a moment.
The giant cockroach barely misses you.
You shoot an arrow. The arrow hits the iguana.
The iguana is severely wounded.
The iguana barely misses you.
The giant cockroach bites you but does no damage.
The iguana bites you.
You shoot an arrow. The arrow hits the iguana.
The iguana is severely wounded.
The giant cockroach barely misses you. The iguana barely misses you.
The giant cockroach barely misses you.
You shoot an arrow. The arrow barely misses the iguana.
The arrow hits the orc priest!
The orc priest is severely wounded.
The iguana completely misses you. The giant cockroach misses you.
You shoot an arrow. The arrow hits the iguana.
The iguana is almost dead.
The giant cockroach closely misses you. The iguana bites you.
The giant cockroach closely misses you.
The iguana bites you but does no damage.
You shoot an arrow. The arrow barely misses the iguana.
The arrow hits the orc priest.
The orc priest is almost dead.
The giant cockroach bites you but does no damage.
The iguana bites you.
You die...

#..# #..# #.#####
#..# #.....# #..#
####.## #..#
#....>. # #..#
#.<#.##
#.##..########..#.#
#ol@............#.#
#oB###########.(#.#
..... #.##.#
¤¤..).. #.##.#
....... #.##..
¤~..#.. #.# .¤..#..
#.# ¤.. #.. #.#


You could see an iguana, an orc priest, an orc and a giant cockroach.

Vanquished Creatures
  2 adders
  A worm (D:2)
  3 dart slugs
  3 orcs (D:3)
  2 ball pythons
  6 endoplasms
  4 giant cockroaches
  4 goblins
  2 hobgoblins (D:1)
  4 kobolds
  2 quokkas (D:2)
  A bat (D:1)
  4 frilled lizards
  2 rats
40 creatures vanquished.

Notes
Turn   | Place    | Note
-------+----------+-------------------------------------------
     0 | D:1      | qw the Gargoyle Hunter began the quest for the Orb.
     0 | D:1      | Reached XP level 1. HP: 12/12 MP: 1/1
     0 | D:1      | 0 ||| qw: Version: 0.2-a-29-g1fa15c8
     0 | D:1      | 0 ||| qw: Game counter: 4989
     0 | D:1      | 0 ||| qw: Always use a shield: true
     0 | D:1      | 0 ||| qw: God list: Okawaru
     0 | D:1      | 0 ||| qw: Allow faded altars: false
     0 | D:1      | 0 ||| qw: Do Orc after D:15 true
     0 | D:1      | 0 ||| qw: Do second Lair branch before Depths: true
     0 | D:1      | 0 ||| qw: Lair rune preference: random
     0 | D:1      | 0 ||| qw: Plans: Normal, Zot:1-4, Slime:5, God:TSO, Crypt,
                  | Tomb, Abyss, Pan, Hells, Win
     0 | D:1      | 0 ||| PLANNING D:1-11
   160 | D:1      | Reached XP level 2. HP: 17/17 MP: 2/2
   164 | D:1      | 164 ||| UPGRADING to +0 ring mail.
   172 | D:1      | 172 ||| FLEEEEING.
   173 | D:1      | 173 ||| FLEEEEING.
   174 | D:1      | 174 ||| FLEEEEING.
   175 | D:1      | 175 ||| FLEEEEING.
   176 | D:1      | 176 ||| FLEEEEING.
   177 | D:1      | 177 ||| FLEEEEING.
   178 | D:1      | 178 ||| FLEEEEING.
   179 | D:1      | 179 ||| FLEEEEING.
   180 | D:1      | 180 ||| FLEEEEING.
   181 | D:1      | 181 ||| FLEEEEING.
   182 | D:1      | 182 ||| FLEEEEING.
   183 | D:1      | 183 ||| FLEEEEING.
   185 | D:1      | 185 ||| FLEEEEING.
   222 | D:1      | 222 ||| UPGRADING to +0 leather armour.
   227 | D:1      | 227 ||| UPGRADING to +0 ring mail.
   237 | D:1      | 237 ||| DROPPING +0 leather armour.
   268 | D:1      | 268 ||| READING scroll labelled GIAFOJ AHEOWA.
   301 | D:1      | Reached skill level 1 in Armour
   445 | D:1      | 445 ||| FLEEEEING.
   464 | D:1      | Reached XP level 3. HP: 21/21 MP: 3/3
   647 | D:1      | 647 ||| DROPPING ring of flight.
   648 | D:1      | 648 ||| DRINKING 2 puce potions.
   649 | D:1      | 649 ||| DROPPING scroll of butterflies.
   650 | D:1      | 650 ||| DROPPING potion of degeneration.
   788 | D:2      | Reached skill level 5 in Ranged Weapons
  1295 | D:2      | 1295 ||| READING scroll labelled UQIACKIOLI.
  1296 | D:2      | 1296 ||| READING scroll labelled YCOIDIMPOEB.
  1378 | D:3      | Reached skill level 3 in Fighting
  1378 | D:3      | Reached XP level 4. HP: 28/28 MP: 4/4
  1401 | D:3      | HP: 5/28 [iguana (6)]
  1402 | D:3      | HP: 2/28 [iguana (3)]
  1406 | D:3      | Slain by an iguana

Levels and vault maps discovered:
D:1:      dpeg_arrival_round_b, layout_basic, nicolae_the_louvre
D:2:      layout_basic
D:3:      layout_loops_ring, mainiacjoe_overflow_small_starburst,
          mainiacjoe_overflow_paths, dreamdust_mushroom_princess,
          minmay_quadrilaterals, uniq_grinder

Skill      XL: |  1  2  3 |
---------------+----------+-----
Armour         | 1 |  1.0
Ranged Weapons | 5 |  5.2
Fighting       | 3 |  3.0
Dodging        | |  1.5
Stealth        | |  1.1

Action                     |  1- 3 |  4- 6 || total
---------------------------+-------+-------++-------
   Fire: Shortbow          |   117 |    27 ||   144
    Use: Scroll            |     3 |       ||     3
         Potion            |     1 |       ||     1
 Armour: Ring mail         |    13 |    17 ||    30
         Leather armour    |     1 |       ||     1
  Dodge: Dodged            |    19 |    36 ||    55

Table legend:
 A = Non-vault XP
 B = Vault XP
 C = Vault XP percentage of total XP
 D = Non-vault monster count
 E = Vault monster count
 F = Vault count percentage of total count
                 A         B        C        D         E       F
            +---------+---------+-------+---------+---------+-------
      Total |     107 |       0 |   0.0 |      40 |       0 |   0.0
            +---------+---------+-------+---------+---------+-------
        D:1 |      36 |       0 |   0.0 |      18 |       0 |   0.0
        D:2 |      45 |       0 |   0.0 |      16 |       0 |   0.0
        D:3 |      26 |       0 |   0.0 |       6 |       0 |   0.0
            +---------+---------+-------+---------+---------+-------
